 Dungeon Crawl Stone Soup version 0.31-a0-66-ge618eeaa78 (webtiles) character file.

Game seed: 3710343281308536942

9 loir the Sneak (level 2, 28/28 HPs)
             Began as a Troll Brigand on May 22, 2023.
             Quit the game on level 1 of the Dungeon.
             The game lasted 00:02:12 (128 turns).

loir the Sneak (Troll Brigand)                       Turns: 128, Time: 00:02:12

Health: 28/28      AC:  5    Str: 18    XL:     2   Next: 3%
Magic:  1/1        EV:  9    Int:  7    God:
Gold:   0          SH:  0    Dex: 11    Spells: 1/1 levels left

rFire   . . .        (no weapon)
rCold   . . .        (no shield)
rNeg    . . .        b - +0 robe
rPois   .            (helmet restricted)
rElec   .            c - +0 cloak
rCorr   .            (gloves unavailable)
SInv    .            (boots unavailable)
Will    .....        (no amulet)
Stlth   ++           (no ring)
HPRegen 1.04/turn    (no ring)
MPRegen 0.07/turn

%: no passive effects
@: no status effects
A: large, unfitting armour, claws 3, regeneration 1, shaggy fur 1, tough skin 1
a: no special abilities


You were on level 1 of the Dungeon.
You visited 1 branch of the dungeon, and saw 1 of its levels.

Inventory:

Hand Weapons
 a - a +2 dagger
Missiles
 d - 9 poisoned darts (quivered)
 e - 3 curare-tipped darts
Armour
 b - a +0 robe (worn)
 c - a +0 cloak (worn)
Scrolls
 f - a scroll of teleportation {unknown}
Potions
 g - a potion of berserk rage {unknown}


   Skills:
 + Level 1.7 Fighting
 + Level 1.7 Short Blades
 + Level 1.9 Throwing
 + Level 1.0 Dodging
 + Level 2.2 Stealth


You had one spell level left.
You didn't know any spells.
Your spell library contained the following spells:

 Spells                   Type           Power      Damage    Failure   Level
 Freeze                   Ice            0%         1d3       43%         1
 Frozen Ramparts          Ice            0%         1d1       80%         3
 Hailstorm                Conj/Ice       0%         3d3       80%         3


Dungeon Overview and Level Annotations

Branches:
Dungeon (1/15)

Altars:


Innate Abilities, Weirdness & Mutations

You are too large for most types of armour.
You have claws for hands.
Your natural rate of healing is unusually fast.
You are covered in fur. (AC +1)
You have tough skin. (AC +1)


Message History

The endoplasm attacks as you move away! The endoplasm misses you.
You barely miss the hobgoblin. The hobgoblin hits you.
You scratch the hobgoblin but do no damage.
The hobgoblin hits you but does no damage.
You claw the hobgoblin!
You kill the hobgoblin!
Your Dodging skill increases to level 1!
You scratch the endoplasm.
The endoplasm is moderately wounded.
The endoplasm freezes you.
You are frozen.
You scratch the endoplasm.
You kill the endoplasm!
You have reached level 2!
HP restored.
g - an amethyst potion You see here a hobgoblin corpse.
Found a spear.
No target in view!
A bat comes into view.
The bat moves out of view.
Found a stone staircase leading down.
No target in view!
You pick up a book of Frost and begin reading...
You add the spells Freeze, Frozen Ramparts and Hailstorm to your library.
A bat is nearby!
The bat hits you but does no damage.
You scratch the bat but do no damage. The bat hits you but does no damage. x2
You closely miss the bat. The bat hits you but does no damage. x2
You scratch the bat.
The bat is moderately wounded.
The bat hits you but does no damage. x2
You closely miss the bat.
The bat is moderately wounded.
The bat hits you but does no damage. The bat barely misses you. x2
You scratch the bat.
You kill the bat!
No target in view!
Are you sure you want to abandon this character and quit the game? (Confirm with "yes".)

####### ...... ...
#.#.#.#####.#
#.........#.#
#.#.#.###.#.#
#.....@†#.#.#.#
#.........#.#.#
#.........#.#.#####
....................
#####.#.#>#.#.#.#####
........#...#
####..####...#####.#
..............)..#
###..####...#######..


There were no monsters in sight!

Vanquished Creatures
  A ball python (D:1)
  4 bats (D:1)
  An endoplasm (D:1)
  A hobgoblin (D:1)
  A frilled lizard (D:1)
8 creatures vanquished.

Notes
Turn   | Place    | Note
-------+----------+-------------------------------------------
     0 | D:1      | loir the Troll Brigand began the quest for the Orb.
     0 | D:1      | Reached XP level 1. HP: 19/19 MP: 0/0
    92 | D:1      | Reached skill level 1 in Dodging
    94 | D:1      | Reached XP level 2. HP: 25/28 MP: 1/1
   128 | D:1      | Quit the game

Illustrated notes

Levels and vault maps discovered:
D:1:      minmay_arrival_doors, layout_basic

Skill      XL: |  1 |
---------------+----+-----
Dodging        | 1 |  1.0
Fighting       | |  1.7
Short Blades   | |  1.7
Throwing       | |  1.9
Stealth        | |  2.2

Action                     || total
---------------------------++-------
  Melee: Unarmed           ||    25
   Stab: Sleeping          ||     1
 Armour: Robe              ||    22
  Dodge: Dodged            ||     7

Table legend: (Time is in decaauts)
 A = Elapsed time spent in this place.
 B = Non-inter-level travel time spent in this place.
 C = Inter-level travel time spent in this place.
 D = Time resting spent in this place.
 E = Time spent auto-exploring this place.
 F = Levels seen in this place.
 G = Mean time per level.
                   A        B        C        D        E       F      G
               +--------+--------+--------+--------+--------+-----+--------+
         Total |    127 |    127 |      0 |      0 |     74 |   1 |  127.0 |
       Dungeon |    127 |    127 |      0 |      0 |     74 |   1 |  127.0 |
               +--------+--------+--------+--------+--------+-----+--------+

Top non-repeatable levels by time:
     D:1: 127 daAuts
